Match 43020451
Unlisted

Match 43020451
End
Selects Panzerjäger Kommand Battlegroup
Panzergrenadier Squad
Panzergrenadier Squad
Selects Mine Fields
Construct Light Support Kompanie
MG34 Team
Fire Support Elements
2.5-tonne Medical Truck
Selects Tank Busters
le.IG 18 Support Gun Team
Flakvierling Half-track
AI Takeover
GreenLabel
AlexStan
detahaven
Lelouch
0
0

Comments sign in to comment!

No comments posted yet!